[Event "Titled Tuesday Blitz December 14 2021"]
[White "Manukyan, Artyom"]
[Black "Sychev, Klementy"]
[WhiteFideId "13305786"]
[BlackFideId "4114060"]
[WhiteElo "2034"]
[BlackElo "2615"]
[Result "0-1"]
[Round "03"]
[TimeControl "180+1"]
[Date "2021.12.14"]
[WhiteClock "0:00:22"]
[BlackClock "0:00:12"]

1. e4 e5 2. Nf3 Nc6 3. Bb5 a6 4. Bxc6 dxc6 5. O-O Bg4 6. h3 Bh5 7. g4 Bg6 8. Nxe5 Bd6 9. Nxg6 hxg6 10. Qf3 Qd7 11. Kg2 O-O-O 12. d3 Rf8 13. Bf4 f5 14. gxf5 gxf5 15. Bxd6 cxd6 16. Nd2 Ne7 17. Rh1 Ng6 18. Kf1 fxe4 19. Qxe4 Rxh3 20. Rxh3 Qxh3+ 21. Qg2 Qh4 22. Nf3 Qh5 23. Nh2 Rh8 24. Kg1 Kb8 25. Re1 Nf4 26. Qg3 Ne2+ 27. Rxe2 Qxe2 28. Qxd6+ Ka8 29. Qc5 Rh5 30. Qf8+ Ka7 31. Qxg7 Qxc2 32. Qd4+ c5 33. Qg4 Qc1+ 0-1


[Site "https://www.chess.com"]

[Event "Titled Tuesday Blitz December 14 2021"]
[White "Matinian, Nikita"]
[Black "Zubov, Alexander"]
[WhiteFideId "24129100"]
[BlackFideId "14109409"]
[WhiteElo "2422"]
[BlackElo "2685"]
[Result "1-0"]
[Round "03"]
[TimeControl "180+1"]
[Date "2021.12.14"]
[WhiteClock "0:01:47"]
[BlackClock "0:00:44"]

1. e4 c5 2. Nc3 e6 3. f4 d5 4. Nf3 Nc6 5. Bb5 Ne7 6. O-O a6 7. Bxc6+ Nxc6 8. d3 Be7 9. Qe1 d4 10. Nd1 O-O 11. Qg3 f5 12. Nf2 b5 13. Bd2 Bb7 14. Rae1 Qd7 15. h4 Rae8 16. h5 Bd8 17. Qh3 Bc7 18. h6 g6 19. Ng5 e5 20. exf5 Qxf5 21. Nfe4 Qxf4 22. Bxf4 1-0


[Site "https://www.chess.com"]

[Event "Titled Tuesday Blitz December 14 2021"]
[White "Mitrabha, Guha"]
[Black "Moskvin, Anatoly"]
[WhiteFideId "5057000"]
[BlackFideId "24199990"]
[WhiteElo "2370"]
[BlackElo "2079"]
[Result "1-0"]
[Round "03"]
[TimeControl "180+1"]
[Date "2021.12.15"]
[WhiteClock "0:00:43"]
[BlackClock "0:00:09"]

1. d4 Nf6 2. Nf3 c5 3. c3 Qc7 4. g3 d5 5. Bf4 Qb6 6. Qb3 c4 7. Qxb6 axb6 8. Na3 Ra5 9. Bg2 Nc6 10. O-O Bf5 11. Nh4 Bd7 12. Bg5 e6 13. Nc2 Be7 14. f4 h6 15. Bxf6 gxf6 16. f5 Rg8 17. a3 e5 18. e3 Rb5 19. Nb4 e4 20. Rf2 Ra5 21. Nc2 b5 22. Rb1 Ra8 23. Bf1 Rg5 24. Be2 Bd6 25. Ne1 Ne7 26. Neg2 Kd8 27. Kh1 Kc7 28. Rbf1 Rag8 29. Nf4 Kc6 30. Nh5 R5g7 31. Nxf6 Bc8 32. Nxg8 Nxg8 33. f6 Rg5 34. Nf5 Bxf5 35. Rxf5 Rg6 36. Bh5 1-0


[Site "https://www.chess.com"]

[Event "Titled Tuesday Blitz December 14 2021"]
[White "Mohammad Fahad, Rahman"]
[Black "Bluebaum, Matthias"]
[WhiteFideId "10207791"]
[BlackFideId "24651516"]
[WhiteElo "2323"]
[BlackElo "2609"]
[Result "0-1"]
[Round "03"]
[TimeControl "180+1"]
[Date "2021.12.15"]
[WhiteClock "0:00:15"]
[BlackClock "0:00:31"]

1. Nf3 Nf6 2. d4 d5 3. c4 e6 4. Nc3 Bb4 5. cxd5 exd5 6. Bg5 h6 7. Bh4 Bf5 8. e3 Nbd7 9. Be2 c6 10. Qb3 Qb6 11. O-O Bd6 12. Bg3 Bxg3 13. hxg3 O-O 14. Qa3 a5 15. b3 Rfe8 16. Nd2 h5 17. Qc1 Nf8 18. Na4 Qc7 19. Nc5 Ne6 20. Nxe6 Rxe6 21. Qd1 Bg4 22. Rc1 Rae8 23. Nf3 Bxf3 24. Bxf3 g6 25. Qd3 Kg7 26. Rc5 Ne4 27. Rc2 Rh8 28. Rfc1 h4 29. g4 h3 30. Qf1 Ng5 31. Bxd5 hxg2 32. Qxg2 Rf6 33. f4 Nh3+ 34. Kf1 Nxf4 35. exf4 Qxf4+ 36. Bf3 Qxf3+ 37. Qxf3 Rxf3+ 38. Kg2 Rf4 39. Kg3 Rxd4 40. Rc5 Rd3+ 41. Kf4 Rhd8 42. R1c4 R8d4+ 43. Rxd4 Rxd4+ 44. Kf3 Rd5 45. Rc2 f5 46. gxf5 Rxf5+ 47. Ke4 Kf6 48. Rh2 Re5+ 49. Kf4 Rh5 50. Rd2 Ke6 51. Kg4 Rd5 52. Rh2 Rh5 53. Re2+ Kd6 54. Rd2+ Kc5 55. Rd7 b5 56. Rg7 Rh2 57. a4 bxa4 58. bxa4 Ra2 59. Rxg6 Rg2+ 60. Kf3 Rxg6 0-1


[Site "https://www.chess.com"]

[Event "Titled Tuesday Blitz December 14 2021"]
[White "Moroni, Luca Jr"]
[Black "Perske, Thore"]
[WhiteFideId "865834"]
[BlackFideId "12902195"]
[WhiteElo "2491"]
[BlackElo "2315"]
[Result "1-0"]
[Round "03"]
[TimeControl "180+1"]
[Date "2021.12.14"]
[WhiteClock "0:01:20"]
[BlackClock "0:00:37"]

1. d4 Nf6 2. c4 g6 3. Nc3 Bg7 4. e4 d6 5. Bd3 O-O 6. Nge2 e5 7. d5 a5 8. O-O Na6 9. a3 Bd7 10. Bc2 h5 11. Bg5 Qe8 12. f3 Nh7 13. Be3 f5 14. exf5 gxf5 15. f4 e4 16. Nd4 Nf6 17. h3 Kh7 18. Ba4 Bxa4 19. Qxa4 Qxa4 20. Nxa4 Nd7 21. Ne6 Rf7 22. Ng5+ Kg6 23. Nxf7 Kxf7 24. Rad1 Bf6 25. Bd4 Bxd4+ 26. Rxd4 Nac5 27. Nxc5 Nxc5 28. Rd2 a4 29. Kf2 Ra6 30. g4 hxg4 31. hxg4 fxg4 32. Kg3 Ra8 33. Rh2 e3 34. f5 Re8 35. f6 e2 36. Rh7+ Kg8 37. f7+ Kxh7 38. Rh1+ 1-0


[Site "https://www.chess.com"]

[Event "Titled Tuesday Blitz December 14 2021"]
[White "Murzin, Volodar"]
[Black "Dubov, Daniil"]
[WhiteFideId "44155573"]
[BlackFideId "24126055"]
[WhiteElo "2481"]
[BlackElo "2749"]
[Result "1-0"]
[Round "03"]
[TimeControl "180+1"]
[Date "2021.12.14"]
[WhiteClock "0:00:07"]
[BlackClock "0:00:06"]

1. e4 c5 2. Nf3 d6 3. d4 cxd4 4. Nxd4 Nf6 5. Nc3 Nc6 6. Bg5 g6 7. Bxf6 exf6 8. Bb5 Bd7 9. Nde2 Be6 10. Qd2 Bg7 11. Nf4 O-O 12. Nxe6 fxe6 13. O-O-O f5 14. Qxd6 Qb6 15. e5 Qxf2 16. Qxe6+ Kh8 17. Bxc6 bxc6 18. Rhe1 Qxg2 19. Re2 Qf3 20. Qd6 Rab8 21. Qd3 Qf4+ 22. Kb1 Bxe5 23. b3 Rbd8 24. Qxd8 Rxd8 25. Rxd8+ Kg7 26. Nd1 Bf6 27. Rd7+ Kh6 28. Rd3 Qf1 29. Ree3 f4 30. Rf3 Qe2 31. Rxf4 Qe5 32. Rfd4 Qxd4 33. Rxd4 Bxd4 34. c3 Bg1 35. Kc2 Bxh2 36. Kd3 Kg5 37. Ke4 h5 38. Kf3 Be5 39. c4 Bd4 40. b4 h4 41. Ke4 h3 42. Kxd4 h2 43. Nf2 Kf4 44. c5 g5 45. b5 g4 46. b6 g3 47. b7 Kf3 48. b8=Q Kxf2 49. Qf4+ Kg2 50. Qe4+ Kg1 51. Qe3+ Kg2 52. Qe2+ Kg1 53. Qe1+ Kg2 54. Qe2+ Kg1 55. Qf3 h1=Q 56. Qxg3+ Kf1 57. Qd3+ Kf2 58. Qe3+ Kf1 59. Qc1+ Kg2 60. Qxh1+ Kxh1 61. Ke5 1-0


[Site "https://www.chess.com"]

[Event "Titled Tuesday Blitz December 14 2021"]
[White "Nakamura, Hikaru"]
[Black "Korchmar, Vasiliy"]
[WhiteFideId "2016192"]
[BlackFideId "24131750"]
[WhiteElo "2884"]
[BlackElo "2370"]
[Result "1-0"]
[Round "03"]
[TimeControl "180+1"]
[Date "2021.12.14"]
[WhiteClock "0:01:34"]
[BlackClock "0:00:01"]

1. Nf3 d5 2. b3 Bf5 3. Bb2 e6 4. g3 Nf6 5. d3 Be7 6. Nh4 Bg4 7. h3 Bh5 8. g4 Bg6 9. e3 O-O 10. Bg2 c5 11. Nd2 Nc6 12. O-O Rc8 13. a3 Nd7 14. Nxg6 hxg6 15. Qe2 Bf6 16. c3 Re8 17. f4 g5 18. fxg5 Bxg5 19. Nf3 Bf6 20. Kh1 Nde5 21. Nxe5 Nxe5 22. c4 Nd7 23. Bxf6 Nxf6 24. g5 Nh7 25. h4 Rc7 26. Rf2 Rd7 27. Raf1 b6 28. Qg4 dxc4 29. dxc4 Nf8 30. h5 Qc7 31. g6 f6 32. e4 Qe5 33. h6 gxh6 34. Rxf6 Rg7 35. Bh3 Rd8 36. Qh4 Re8 37. Rxf8+ 1-0


[Site "https://www.chess.com"]

[Event "Titled Tuesday Blitz December 14 2021"]
[White "Neiksans, Arturs"]
[Black "Kupervaser, Erez"]
[WhiteFideId "11601388"]
[BlackFideId "2814587"]
[WhiteElo "2447"]
[BlackElo "1763"]
[Result "1-0"]
[Round "03"]
[TimeControl "180+1"]
[Date "2021.12.15"]
[WhiteClock "0:00:46"]
[BlackClock "0:00:09"]

1. e4 c5 2. Nf3 Nc6 3. Bb5 g6 4. Bxc6 bxc6 5. d4 cxd4 6. Qxd4 f6 7. O-O Bg7 8. c4 Nh6 9. c5 Nf7 10. Nc3 O-O 11. Rd1 Rb8 12. Rb1 Qc7 13. Qc4 Kh8 14. Be3 g5 15. b4 g4 16. Nd4 Ne5 17. Qe2 e6 18. b5 Qa5 19. Rb3 cxb5 20. Ndxb5 Ba6 21. a4 f5 22. exf5 exf5 23. Bf4 Rbe8 24. Qc2 Ng6 25. Bc7 Bxc3 26. Bxa5 Bxa5 27. Nd6 Re2 28. Qb1 Nf4 29. Rb8 Rxb8 30. Qxb8+ Kg7 31. Qxa7 Be1 32. Qxa6 Bxf2+ 33. Kh1 Bxc5 34. Nxf5+ 1-0


[Site "https://www.chess.com"]

[Event "Titled Tuesday Blitz December 14 2021"]
[White "Nesterov, Arseniy"]
[Black "Nazari, Arad"]
[WhiteFideId "24198455"]
[BlackFideId "12577324"]
[WhiteElo "2489"]
[BlackElo "2119"]
[Result "1-0"]
[Round "03"]
[TimeControl "180+1"]
[Date "2021.12.14"]
[WhiteClock "0:00:03"]
[BlackClock "0:00:02"]

1. d4 Nf6 2. c4 g6 3. Nc3 d5 4. cxd5 Nxd5 5. e4 Nxc3 6. bxc3 Bg7 7. Qa4+ Nd7 8. Nf3 O-O 9. Be2 c5 10. O-O a6 11. Bg5 b5 12. Qc2 h6 13. Bh4 g5 14. Bg3 cxd4 15. cxd4 Bb7 16. Rad1 Rc8 17. Qb1 Nf6 18. d5 Qa5 19. h4 g4 20. Nd4 Qa4 21. Nf5 Rfe8 22. Bd3 Bf8 23. Rfe1 Nh5 24. Be5 e6 25. dxe6 Rxe6 26. Ba1 Bb4 27. Qb2 Bc3 28. Qe2 Nf6 29. Bxc3 Rxc3 30. Nxh6+ Kf8 31. Nxg4 Nxg4 32. Qxg4 Rg6 33. Qf4 Qxa2 34. h5 Re6 35. Qb8+ Bc8 36. Rc1 Qa3 37. Rxc3 Qxc3 38. Re3 Qa1+ 39. Bf1 Rc6 40. f4 Rc1 41. Kh2 Kg7 42. Rg3+ Kf6 43. e5+ Kf5 44. Bd3+ Kxf4 45. e6+ Qe5 46. Qxe5+ Kxe5 47. exf7 1-0


[Site "https://www.chess.com"]

[Event "Titled Tuesday Blitz December 14 2021"]
[White "Nikologorskiy, Konstantin"]
[Black "Rustemov, Alexander"]
[WhiteFideId "24111708"]
[BlackFideId "4119002"]
[WhiteElo "2346"]
[BlackElo "2866"]
[Result "0-1"]
[Round "03"]
[TimeControl "180+1"]
[Date "2021.12.14"]
[WhiteClock "0:00:03"]
[BlackClock "0:00:19"]

1. d4 d5 2. c4 dxc4 3. e3 Nf6 4. Bxc4 e6 5. Nf3 c5 6. O-O a6 7. Qe2 b5 8. Bb3 Bb7 9. Rd1 c4 10. Bc2 Nbd7 11. e4 Be7 12. Nbd2 O-O 13. Nf1 Re8 14. Ng3 Nf8 15. h4 Rc8 16. h5 h6 17. e5 Nd5 18. Nh2 Bg5 19. Ne4 Be7 20. Ng4 Kh8 21. Bxh6 gxh6 22. Nxh6 Kg7 23. Ng4 Nd7 24. h6+ Kh8 25. Qf3 Rf8 26. Qh3 Rg8 27. h7 Rg7 28. f3 Bg5 29. Kf2 c3 30. b3 Nb4 31. Rac1 Nxa2 32. Nd6 Nxc1 33. Nh6 Bxh6 34. Qxh6 Na2 35. Nxb7 Qf8 36. Nd6 Rc7 37. Be4 Nb4 38. Qh3 c2 39. Rc1 Nb6 40. g4 N6d5 41. Qh4 Nf4 42. Ke3 Ng2+ 0-1


[Site "https://www.chess.com"]

[Event "Titled Tuesday Blitz December 14 2021"]
[White "Pakleza, Zbigniew"]
[Black "Artemiev, Vladislav"]
[WhiteFideId "1119290"]
[BlackFideId "24101605"]
[WhiteElo "2526"]
[BlackElo "2830"]
[Result "1/2-1/2"]
[Round "03"]
[TimeControl "180+1"]
[Date "2021.12.14"]
[WhiteClock "0:00:04"]
[BlackClock "0:00:03"]

1. d4 Nf6 2. Nf3 g6 3. Bf4 Bg7 4. e3 c5 5. c3 b6 6. Be2 O-O 7. O-O Bb7 8. Nbd2 d6 9. h3 Nbd7 10. a4 a6 11. Bg3 Ne4 12. Nxe4 Bxe4 13. Nd2 Bb7 14. Bf3 Qc7 15. Bxb7 Qxb7 16. Qf3 Qxf3 17. Nxf3 Rfc8 18. Rfc1 f5 19. Kf1 h6 20. Ke2 Kf7 21. Nd2 g5 22. Nb3 b5 23. axb5 axb5 24. Rxa8 Rxa8 25. Ra1 Rxa1 26. Nxa1 Nb6 27. Kd3 e5 28. dxe5 dxe5 29. f3 c4+ 30. Kd2 Na4 31. b3 cxb3 32. Nxb3 e4 33. Nd4 Bxd4 34. cxd4 Ke6 35. fxe4 fxe4 36. Be5 Nb2 37. Bg7 Nc4+ 38. Ke2 b4 39. Bxh6 b3 40. Kd1 Nxe3+ 41. Kc1 Kf5 42. g4+ Kg6 43. Bf8 Nc4 44. d5 e3 45. Bb4 e2 46. Be1 Kf6 47. h4 gxh4 48. Bxh4+ Ke5 49. g5 Kxd5 50. g6 Ke6 51. Kb1 Nd2+ 52. Kb2 Nf3 53. Bf2 Nd4 54. Bh4 Nf5 55. Bf2 Nd4 56. Bh4 Nf3 57. Bf2 Nd2 58. Bh4 Nc4+ 59. Kxb3 Ne3 60. Kc3 Ng2 61. Bf2 Kf6 62. Kd3 e1=Q 63. Bxe1 Nxe1+ 64. Ke2 Kxg6 1/2-1/2


[Site "https://www.chess.com"]

[Event "Titled Tuesday Blitz December 14 2021"]
[White "Paravyan, David"]
[Black "Sapunov, Evgeny"]
[WhiteFideId "4194985"]
[BlackFideId "4126661"]
[WhiteElo "2656"]
[BlackElo "2470"]
[Result "1-0"]
[Round "03"]
[TimeControl "180+1"]
[Date "2021.12.14"]
[WhiteClock "0:00:04"]
[BlackClock "0:00:15"]

1. e4 c5 2. Nf3 d6 3. d4 cxd4 4. Nxd4 Nf6 5. Nc3 Nc6 6. Bg5 e6 7. Qd3 Qb6 8. Bxf6 gxf6 9. Nb3 a6 10. f4 h5 11. O-O-O h4 12. Kb1 Bd7 13. Be2 Qc7 14. Bg4 O-O-O 15. Bh3 Kb8 16. Rhf1 Bc8 17. a3 Be7 18. Qe3 Na5 19. Nxa5 Qxa5 20. Rd4 Qc5 21. Qd3 Bd7 22. Rc4 Qb6 23. Rb4 Qa7 24. Rb3 Rc8 25. Rd1 Ka8 26. Rb4 Qc5 27. Na4 Bxa4 28. Rxa4 Rc7 29. Rb4 Rhc8 30. c3 Qf2 31. Rb3 Qxf4 32. Qf3 Qxh2 33. Qh5 Bf8 34. Qxh4 Qe5 35. Qe1 Rc4 36. g3 Rxe4 37. Qf1 d5 38. Bg2 Rec4 39. Qd3 f5 40. Ka2 Qc7 41. Rh1 Bd6 42. Rh7 Rg8 43. Bf3 Rxg3 44. Qe2 Rf4 45. Bh5 Qc4 46. Rxf7 Qxe2 47. Bxe2 Rf2 48. Rbxb7 Rxe2 49. Ra7+ Kb8 50. Rad7 Bc7 51. Rxc7 Rgg2 52. Rb7+ Kc8 53. Rfc7+ Kd8 54. Rh7 Kc8 55. Rhc7+ Kd8 56. a4 a5 57. Ka3 f4 58. Rh7 Kc8 59. Rbf7 Rg8 60. Rxf4 Rd8 61. Rff7 d4 62. Rc7+ Kb8 63. Rb7+ Kc8 64. Rhc7# 1-0


[Site "https://www.chess.com"]

[Event "Titled Tuesday Blitz December 14 2021"]
[White "Petesch, Gabriel"]
[Black "Horvath, Dominik"]
[WhiteFideId "2032465"]
[BlackFideId "1642561"]
[WhiteElo "2374"]
[BlackElo "2336"]
[Result "0-1"]
[Round "03"]
[TimeControl "180+1"]
[Date "2021.12.14"]
[WhiteClock "0:00:05"]
[BlackClock "0:00:20"]

1. Nf3 f5 2. d3 Nc6 3. Nc3 e5 4. e4 Nf6 5. g3 fxe4 6. dxe4 Bb4 7. Qd3 d6 8. Bg2 Bxc3+ 9. bxc3 O-O 10. O-O Kh8 11. Nd2 Be6 12. Nc4 Nd7 13. Ne3 Nc5 14. Qe2 Ne7 15. a4 a5 16. Rd1 Qd7 17. Qe1 Bh3 18. Bh1 Ng6 19. Ba3 b6 20. Bxc5 bxc5 21. Nf5 Rab8 22. c4 Bxf5 23. exf5 Qxf5 24. Be4 Qf6 25. Rab1 Rb4 26. Rxb4 cxb4 27. Rd5 c5 28. Qd2 Rd8 29. Bxg6 hxg6 30. Qe3 Qf5 31. Qd3 Qxd3 32. Rxd3 Kg8 33. Kg2 Kf7 34. Kf3 Ke6 35. Ke4 g5 36. Rf3 Rh8 37. Rf5 Rxh2 38. Rxg5 Rxf2 39. Rg6+ Ke7 40. Rxg7+ Kf6 41. Rd7 Ke6 42. Ra7 Rxc2 43. Kd3 Rc3+ 44. Kd2 Rxc4 45. Rxa5 Rg4 46. Rb5 Rxg3 47. a5 Ra3 48. a6 Rxa6 0-1


[Site "https://www.chess.com"]

[Event "Titled Tuesday Blitz December 14 2021"]
[White "Petrovskyi, Vadym"]
[Black "Terry, Renato"]
[WhiteFideId "14165210"]
[BlackFideId "3803457"]
[WhiteElo "2377"]
[BlackElo "2577"]
[Result "1-0"]
[Round "03"]
[TimeControl "180+1"]
[Date "2021.12.14"]
[WhiteClock "0:00:20"]
[BlackClock "0:00:02"]

1. e4 e6 2. d4 d5 3. Nc3 Nf6 4. e5 Nfd7 5. f4 c5 6. Nf3 Nc6 7. Be3 Be7 8. Qd2 O-O 9. dxc5 Qa5 10. a3 Nxc5 11. Be2 Rd8 12. O-O Qc7 13. Nd4 a6 14. Rad1 Nxd4 15. Bxd4 b5 16. Qe3 Bb7 17. b4 Nd7 18. f5 exf5 19. e6 Nf6 20. exf7+ Kxf7 21. Bb6 Qd7 22. Bxd8 Rxd8 23. Rd4 Qe6 24. Qd3 g6 25. Bf3 Kg7 26. Qd1 Qb6 27. Kh1 Ne4 28. Bxe4 dxe4 29. Rxd8 Bxd8 30. Qd7+ Kh6 31. Nd5 Bxd5 32. Qxd5 Bg5 33. Qc5 Qe6 34. Qf8+ Kh5 35. Qg7 h6 36. Qc3 e3 37. Qd3 Be7 38. Re1 f4 39. g3 Qc6+ 40. Kg1 Kg5 41. gxf4+ Kf6 42. Qxe3 Bd6 43. Qe6+ Kg7 44. Qe4 Qc3 45. Rd1 1-0


[Site "https://www.chess.com"]

[Event "Titled Tuesday Blitz December 14 2021"]
[White "Pichot, Alan"]
[Black "Zakhartsov, Vladimir"]
[WhiteFideId "110973"]
[BlackFideId "4145097"]
[WhiteElo "2629"]
[BlackElo "2411"]
[Result "1-0"]
[Round "03"]
[TimeControl "180+1"]
[Date "2021.12.14"]
[WhiteClock "0:00:03"]
[BlackClock "0:00:03"]

1. e4 e5 2. Nf3 Nf6 3. Nxe5 d6 4. Nf3 Nxe4 5. d4 Be7 6. Bd3 Nf6 7. O-O Bg4 8. Re1 O-O 9. h3 Bh5 10. Nbd2 Re8 11. Nf1 Nbd7 12. Ng3 Bg6 13. Nf5 Bf8 14. Bg5 Rxe1+ 15. Qxe1 c6 16. Qd2 Qb6 17. c3 Re8 18. Bf4 c5 19. a4 Ne4 20. Bxe4 Rxe4 21. Ng3 Re8 22. a5 Qc6 23. Nh4 Nf6 24. Nxg6 hxg6 25. Qd3 c4 26. Qc2 Nd5 27. Bd2 Qb5 28. Nf1 Nf6 29. Ne3 d5 30. Ng4 Nxg4 31. hxg4 Bd6 32. Be3 a6 33. Qd2 Bc7 34. g3 Bxa5 35. Kg2 f6 36. Qc2 Kf7 37. Bf4 Bd8 38. g5 Qd7 39. gxf6 Bxf6 40. Qd1 Qf5 41. Qf3 g5 42. Be3 Qxf3+ 43. Kxf3 Re4 44. g4 Re6 45. Ra5 Rd6 46. Rc5 Rd7 47. Rc8 Ke6 48. Re8+ Re7 49. Rb8 Kd6 50. Ke2 Kc6 51. Kd2 b5 52. f3 a5 53. Bf2 Rb7 54. Ra8 Kb6 55. Bg3 b4 56. Bd6 Kb5 57. Bc5 Be7 58. Bxe7 Rxe7 59. Rd8 Ka4 60. Rxd5 Kb3 61. Rxa5 Kxb2 62. Rb5 b3 63. Rb4 Rc7 64. Ra4 Kb1 65. d5 Rd7 66. Ra5 g6 67. Rc5 b2 68. Rb5 Ka2 69. Kc2 b1=Q+ 70. Rxb1 Rxd5 71. Rb4 Ka3 72. Rxc4 Re5 73. Rd4 Re3 74. Rd3 Re2+ 75. Kd1 Rf2 76. Ke1 Rh2 77. Rd2 Rh3 78. Ke2 Kb3 79. Rd6 Rh6 80. Rc6 Ka4 81. Ke3 Kb5 82. Re6 Kc4 83. Re5 Kxc3 84. Rc5+ Kb4 85. Rxg5 Kc4 86. Re5 Rh8 87. Re6 Rg8 88. Kf4 Kd5 89. Ra6 Rf8+ 90. Kg5 Rxf3 91. Kxg6 Ke5 92. g5 Rf1 93. Kh6 Rh1+ 94. Kg7 Kf5 95. g6 Rb1 96. Ra5+ Ke6 97. Kh7 Rh1+ 98. Kg8 Rb1 99. g7 Rh1 100. Ra6+ Ke7 101. Ra7+ Ke8 102. Ra2 Re1 103. Rh2 1-0


[Site "https://www.chess.com"]

[Event "Titled Tuesday Blitz December 14 2021"]
[White "Piesik, Piotr"]
[Black "Grigoriants, Sergey"]
[WhiteFideId "1136194"]
[BlackFideId "4130804"]
[WhiteElo "2336"]
[BlackElo "2502"]
[Result "1/2-1/2"]
[Round "03"]
[TimeControl "180+1"]
[Date "2021.12.14"]
[WhiteClock "0:00:33"]
[BlackClock "0:00:08"]

1. Nf3 d5 2. g3 c6 3. Bg2 Bg4 4. O-O e6 5. d3 Bd6 6. Nbd2 Ne7 7. e4 O-O 8. h3 Bh5 9. Qe1 a5 10. a4 Na6 11. Nb3 Nb4 12. Qe2 Re8 13. c3 Na6 14. Be3 e5 15. Qc2 Nc7 16. Nc5 Qc8 17. b4 axb4 18. cxb4 b6 19. Nb3 d4 20. Bd2 Bxf3 21. Bxf3 Qxh3 22. a5 b5 23. Rfc1 Na6 24. Nc5 Bxc5 25. bxc5 Ng6 26. Qd1 Qe6 27. Bg4 Qe7 28. Kg2 Nf8 29. Qb3 Ne6 30. Bxe6 Qxe6 31. Qxe6 Rxe6 32. Rc2 h5 33. f4 g6 34. Rf1 Rb8 35. fxe5 b4 36. Rc4 b3 37. Rb1 Rb5 38. Rxd4 Nxc5 39. Rd8+ Kh7 40. Bg5 Nb7 41. Rc8 Nxa5 42. Bf6 Rxf6 43. exf6 g5 44. d4 Kg6 45. e5 b2 46. Kf3 Nc4 47. Ke2 Na3 48. Rf1 b1=Q 49. Rg8+ Kh7 50. Rg7+ Kh6 51. Rxb1 Nxb1 52. Rxf7 Nc3+ 53. Kd3 Nd5 54. Rd7 Kg6 55. Ke4 Nxf6+ 56. exf6 Kxf6 57. Rd6+ Kf7 58. Rxc6 h4 59. gxh4 gxh4 60. Rh6 Ra5 61. Rxh4 Ke6 62. Rh6+ Ke7 63. Rc6 Kd7 64. Rb6 Rh5 65. Kd3 Kc7 66. Rf6 Rg5 67. Kc4 Kd7 68. d5 Rg1 69. Rf4 Rc1+ 70. Kd4 Rd1+ 71. Ke5 Re1+ 72. Re4 Rxe4+ 73. Kxe4 Kd6 74. Kd4 Kd7 75. Ke5 Ke7 76. d6+ Kd7 77. Kd5 Kd8 78. Ke6 Ke8 79. d7+ Kd8 80. Kd6 1/2-1/2


[Site "https://www.chess.com"]

[Event "Titled Tuesday Blitz December 14 2021"]
[White "Punin, Andrii"]
[Black "Holt, Conrad"]
[WhiteFideId "14112639"]
[BlackFideId "2034387"]
[WhiteElo "2357"]
[BlackElo "2586"]
[Result "0-1"]
[Round "03"]
[TimeControl "180+1"]
[Date "2021.12.14"]
[WhiteClock "0:00:34"]
[BlackClock "0:01:50"]

1. e4 e6 2. d4 d5 3. Nc3 Nf6 4. e5 Nfd7 5. f4 c5 6. Nf3 Nc6 7. Be3 cxd4 8. Nxd4 Bc5 9. Qd2 O-O 10. O-O-O a6 11. Qf2 Bxd4 12. Bxd4 b5 13. Be3 Qa5 14. Kb1 b4 15. Ne2 Qc7 16. Nd4 Nxd4 17. Bxd4 a5 18. Bb5 Ba6 19. Bxd7 Qxd7 20. b3 Rfc8 21. Rd2 a4 22. h4 Bb5 23. Rhd1 Qb7 24. g4 Qa6 25. f5 Rc3 26. f6 axb3 27. cxb3 Bd3+ 28. Ka1 Rxb3 29. fxg7 Ra3 30. Bc5 Qc4 31. Rb2 Qc3 32. Ba7 R3xa7 0-1


[Site "https://www.chess.com"]

[Event "Titled Tuesday Blitz December 14 2021"]
[White "Radovic, Janko"]
[Black "Dobrov, Vladimir"]
[WhiteFideId "911518"]
[BlackFideId "4136594"]
[WhiteElo "2293"]
[BlackElo "2614"]
[Result "0-1"]
[Round "03"]
[TimeControl "180+1"]
[Date "2021.12.14"]
[WhiteClock "0:00:01"]
[BlackClock "0:00:18"]

1. Nf3 d5 2. c4 d4 3. g3 Nc6 4. Bg2 e5 5. d3 Nf6 6. O-O a5 7. Na3 Bc5 8. Nc2 O-O 9. e4 dxe3 10. Bxe3 Bxe3 11. Nxe3 h6 12. Re1 Re8 13. a3 Be6 14. Qb3 Qd7 15. Rad1 a4 16. Qc2 Ra5 17. Qc3 b6 18. Nc2 Bg4 19. Re3 e4 20. Rde1 Bxf3 21. Bxf3 exf3 22. Rxe8+ Nxe8 23. d4 Nf6 24. d5 Ne7 25. Qxf3 Rc5 26. Ne3 Ng6 27. Qe2 b5 28. cxb5 Qxb5 29. Qd2 Nxd5 30. Nf5 Nf6 31. Qd8+ Kh7 32. Nd4 Qd7 33. Qxd7 Nxd7 34. Re8 Rc1+ 35. Kg2 Rb1 36. Rd8 Nb6 37. h4 Rxb2 38. h5 Ne5 39. Nf5 Ng4 40. Kf3 Nf6 41. Ne7 Rb3+ 42. Kf4 Nxh5+ 43. Ke5 Rf3 44. Nc6 Rxf2 45. Kd4 Nxg3 46. Ke3 Rf6 0-1


[Site "https://www.chess.com"]

[Event "Titled Tuesday Blitz December 14 2021"]
[White "Rasulov, Vugar"]
[Black "Dronavalli, Harika"]
[WhiteFideId "13402390"]
[BlackFideId "5015197"]
[WhiteElo "2560"]
[BlackElo "2382"]
[Result "1/2-1/2"]
[Round "03"]
[TimeControl "180+1"]
[Date "2021.12.14"]
[WhiteClock "0:00:36"]
[BlackClock "0:00:27"]

1. d4 d5 2. c4 e6 3. Nc3 Bb4 4. Nf3 Nf6 5. e3 O-O 6. Bd2 b6 7. Be2 Bb7 8. O-O Nbd7 9. Nxd5 Nxd5 10. cxd5 Bxd2 11. dxe6 Bb4 12. exd7 Qxd7 13. Ne5 Qe7 14. Bf3 Bxf3 15. Qxf3 Bd6 16. Nc4 Rad8 17. Rac1 c5 18. Nxd6 Rxd6 19. dxc5 bxc5 20. Rxc5 Rd2 21. Rb5 a6 22. Rb7 Qe5 23. Qg3 Qf6 24. Rb8 Rxb2 25. Rxf8+ Kxf8 26. a4 g6 27. h3 h5 28. Qc7 Kg7 29. Qc4 Rd2 30. h4 Rb2 31. g3 Rd2 32. Qc5 Rb2 33. e4 Re2 34. Qc4 Rd2 35. e5 Qxe5 36. Qxa6 Qd4 37. a5 Ra2 38. Qb5 Qa7 39. Qe5+ Kh7 40. Qe4 Rxa5 41. Rd1 Ra1 42. Qd3 Rxd1+ 43. Qxd1 Qe7 44. Qf3 Kg7 45. Kg2 Qe6 46. Qf4 Qd5+ 47. Kh2 Kg8 48. Qe3 Kg7 49. Qe2 Kg8 50. f3 Kg7 51. Kg2 Kg8 52. Qb2 Qf5 53. Qd2 Qe6 54. Qd8+ Kg7 55. Qd4+ Kg8 56. Kf2 Qh3 57. Qd8+ Kg7 58. Qd4+ Kg8 59. Qe5 Qh2+ 60. Ke3 Qg1+ 61. Kf4 Qc1+ 62. Qe3 Qc8 63. g4 hxg4 64. fxg4 Qc7+ 65. Kg5 Qd8+ 66. Kf4 Qxh4 67. Qe8+ Kg7 68. Qe5+ Qf6+ 69. Qxf6+ Kxf6 70. g5+ Ke6 71. Ke4 Kd6 72. Kd4 Kd7 73. Kd5 Ke7 74. Ke5 f5 75. gxf6+ Kf7 76. Kf4 Kxf6 77. Kg4 g5 78. Kg3 Kf5 79. Kf3 g4+ 80. Kg3 Kg5 81. Kg2 Kf4 82. Kf2 g3+ 83. Kg2 Kg4 84. Kg1 Kf3 85. Kf1 Kg4 86. Kg2 Kh4 87. Kg1 Kh3 88. Kh1 g2+ 89. Kg1 Kg3 1/2-1/2


[Site "https://www.chess.com"]

[Event "Titled Tuesday Blitz December 14 2021"]
[White "Samadov, Read"]
[Black "Boskovic, Drasko"]
[WhiteFideId "13417444"]
[BlackFideId "927368"]
[WhiteElo "2084"]
[BlackElo "2388"]
[Result "0-1"]
[Round "03"]
[TimeControl "180+1"]
[Date "2021.12.15"]
[WhiteClock "0:00:02"]
[BlackClock "0:01:31"]

1. d4 Nf6 2. c4 g6 3. Nc3 d5 4. cxd5 Nxd5 5. e4 Nxc3 6. bxc3 Bg7 7. Bc4 c5 8. Ne2 O-O 9. O-O Nc6 10. Be3 Qc7 11. Rc1 b6 12. Qd2 Bb7 13. Rfd1 Rad8 14. Bh6 e6 15. h4 cxd4 16. Bxg7 Kxg7 17. cxd4 Qe7 18. h5 Qh4 19. d5 Qxe4 20. Qc3+ Ne5 21. f3 Qf5 22. f4 exd5 23. Bb3 d4 24. Rxd4 Qg4 25. Rd5 Bxd5 26. Qxe5+ f6 27. Rc7+ Kh8 0-1


[Site "https://www.chess.com"]